 Dungeon Crawl Stone Soup version 0.19.4-9-g45fd643 (webtiles) character file.

114 pichaelthompson the Skirmisher (level 4, -1/37 HPs)
             Began as a Demonspawn Berserker on Feb 15, 2017.
             Was a Believer of Trog.
             Killed by nerve-wracking pain
             ... invoked by an orc priest
              (13 damage)
             ... on level 3 of the Dungeon.
             The game lasted 00:05:28 (1346 turns).

pichaelthompson the Skirmisher (DsBe)               Turns: 1346, Time: 00:05:29

Health: -1/37      AC:  8    Str: 18    XL:     4   Next: 66%
Magic:  4/4        EV: 10    Int:  8    God:    Trog [**....]
Gold:   96         SH:  0    Dex: 13    Spells: 0 memorised, 3 levels left

rFire  + . .     SeeInvis .     q - +0 war axe
rCold  . . .     Gourm    .     i - +0 scale mail
rNeg   . . .     Faith    .     (no shield)
rPois  .         Spirit   .     (no helmet)
rElec  .         Reflect  .     (no cloak)
rCorr  .         Harm     .     (no gloves)
MR     .....                    (no boots)
Stlth  ..........               (no amulet)
                                (no ring)
                                p - ring of protection from fire

@: exhausted, slowed, very slow
A: hooves 2, molten scales 1
a: Berserk, Trog's Hand, Burn Spellbooks, Renounce Religion


You were on level 3 of the Dungeon.
You worshipped Trog.
Trog was pleased with you.
You were very hungry.

You visited 1 branch of the dungeon, and saw 3 of its levels.

You collected 96 gold pieces.

Inventory:

Hand Weapons
 q - a +0 war axe (weapon)
Armour
 i - a +0 scale mail (worn)
Jewellery
 p - a ring of protection from fire (left hand)
Wands
 a - a wand of random effects (18/48)
Scrolls
 b - a scroll of teleportation {unknown}
 d - 3 scrolls of identify {unknown}
 g - a scroll of recharging {unknown}
 m - a scroll of noise {unknown}
 r - a scroll of fear {unknown}
Potions
 e - 2 potions of heal wounds {unknown}
 j - a potion of brilliance {unknown}
 l - a potion of cure mutation {unknown}
 o - a potion of might {unknown}
Comestibles
 c - 2 bread rations
 f - 3 chunks of flesh
 h - 4 fruits
 k - a meat ration
 n - 3 beef jerkies


   Skills:
 + Level 3.8 Fighting
 + Level 3.6 Axes
 + Level 2.6 Armour
 + Level 2.1 Dodging
 + Level 0.4 Stealth


You had 3 spell levels left.
You didn't know any spells.

Dungeon Overview and Level Annotations

Branches:
Dungeon (3/15)

Altars:


Innate Abilities, Weirdness & Mutations

You have hoof-like feet.
You are partially covered in molten scales. (AC +2)


Message History

You bump into the rock wall.
Something hits you but does no damage. x2
You bump into the rock wall.
Something hits you but does no damage.
You bump into the rock wall.
Something hits you but does no damage. x2
You bump into the rock wall.
Something hits you but does no damage.
A magic dart appears from out of thin air!
The magic dart hits you!
The orc wizard gestures wildly while chanting.
The orc wizard blinks!
You miss something. You kick something.
You feel less confused.
You hear some strange, mumbled words.
A magic dart appears from out of thin air!
The magic dart hits you! Something hits you but does no damage.
You miss something.
The orc priest invokes the aid of Beogh against you.
Reactivating autopickup.
You feel a bit more experienced.
The orc priest calls down the wrath of Beogh upon you.
Pain shoots through your body!
You die...

#.# #.##.# ##.##
#.# #.##.# #.##.#
#.# #.##.# #.##.#
#.# #.##.# #.##.##
#.###.##.# #.##).#
#........# #.###.#
#.###.######.###.#
#.###......#.##...
#@##..>..[......#.
#)##.#####.####...
#o##.# #.# ##.#
#o##.# #.# #.#
#.##.# #.#####.#
..##.# #.......#
####.###########.#
#.............#
###############


You could see an orc priest and an orc wizard.

Vanquished Creatures
  An orc priest (D:3)
  An orc wizard (D:3)
  Natasha (D:3)
  A worm (D:2)
  A leopard gecko (D:2)
  An orc (D:3)
  4 bats
  A giant cockroach (D:1)
  4 goblins
  5 hobgoblins
  5 kobolds
  2 frilled lizards
  2 rats (D:2)
29 creatures vanquished.

Vanquished Creatures (others)
  An orc wizard (D:3)
1 creature vanquished.

Grand Total: 30 creatures vanquished

Notes
Turn   | Place    | Note
-------+----------+-------------------------------------------
     0 | D:1      | pichaelthompson the Demonspawn Berserker began the quest for the Orb.
     0 | D:1      | Reached XP level 1. HP: 18/18 MP: 1/1
   333 | D:1      | Gained mutation: You have large cloven feet. [demonic ancestry]
   333 | D:1      | Reached XP level 2. HP: 14/24 MP: 2/2
   918 | D:2      | Reached ** piety under Trog
   932 | D:2      | Gained mutation: You are partially covered in molten scales. (AC +2) [demonic ancestry]
   932 | D:2      | Reached XP level 3. HP: 15/29 MP: 3/3
  1235 | D:3      | Noticed Natasha
  1243 | D:3      | Killed Natasha
  1332 | D:3      | Gained mutation: You have hoof-like feet. [demonic ancestry]
  1332 | D:3      | Reached XP level 4. HP: 25/37 MP: 4/4
  1346 | D:3      | Killed from afar by an orc priest

Skill      XL: |  1  2  3 |
---------------+----------+-----
Axes           | 3 |  3.6
Armour         | 2 |  2.6
Dodging        | 2 |  2.1
Fighting       | |  3.8
Stealth        | |  0.4

Action                   |  1- 3 |  4- 6 || total
-------------------------+-------+-------++-------
Melee: Hand axe          |    78 |       ||    78
       Kick              |    11 |     1 ||    12
       War axe           |     7 |     4 ||    11
Invok: Berserk           |     4 |       ||     4
  Eat: Chunk             |     4 |       ||     4
Armor: Animal skin       |     6 |       ||     6
       Scale mail        |    28 |     5 ||    33
Dodge: Dodged            |    54 |     1 ||    55
